Map: Battle on the Boardwalk LE

Players

SamuraiFunn

  • Race: Protoss Protoss
  • Spawn Location: 11:00

A.I. 1 (Elite) - Winner!

  • Race: Zerg Zerg
  • Spawn Location: 1:00

VOD

Have the link to the VOD?

Description

Time

  • Played on: Nov. 24, 2017, 1:57 p.m.
  • Length: 13:23
Show
View Real Time Build Order
Export as new Build Order

SamuraiFunn Protoss 

Build Orders: Dark Templar Rush 

Get SALT Encoding   

  12  0:00  Probe  
  13  0:13  Probe  
  14  0:21  Pylon  
  14  0:25  Probe  
  15  0:36  Assimilator  
  15  0:39  Probe  
  16  0:48  Gateway  
  16  0:51  Probe  
  17  0:57  Assimilator  
  17  1:03  Probe  
  18  1:15  Probe  
  19  1:22  Pylon  
  19  1:28  Probe  
  20  1:38  Zealot  
  22  1:45  Cybernetics Core  
  22  1:51  Probe  
  23  2:03  Probe  
  24  2:15  Probe  
  25  2:23  Warp Gate (Chrono Boost)  
  25  2:29  Probe  
  26  2:44  Twilight Council  
  26  2:50  Nexus  
  26  2:52  Probe, Assimilator  
  26  2:55  Pylon  
  27  3:04  Probe  
  28  3:16  Probe  
  29  3:23  Dark Shrine  
  29  3:25  Gateway  
  29  3:27  Gateway  
  29  3:36  Gateway  
  29  3:46  Probe  
  29  3:47  Protoss Air Weapons Level 1  
  30  3:58  Probe  
  31  4:24  Probe x2  
  33  4:38  Pylon  
  33  4:40  Probe x2  
  33  4:42  Pylon  
  35  5:04  Dark Templar  
  35  5:05  Dark Templar x3  
  43  5:16  Robotics Facility  
  43  5:17  Robotics Facility, Probe x2  
  45  5:29  Probe  
  45  5:30  Probe  
  45  5:33  Pylon  
  47  5:36  Gateway x2  
  47  5:40  Gateway  
  47  5:51  Dark Templar x2  
  51  5:57  Nexus  
  51  6:03  Probe x2  
  53  6:04  Assimilator  
  53  6:09  Dark Templar  
  47  6:44  Dark Templar x2  
  45  6:51  Zealot x2  
  49  6:59  Warp Prism x2  
  53  7:16  Dark Templar x3  
  53  7:22  Zealot x2  
  61  7:23  Zealot  
  61  7:27  Assimilator  
  61  7:28  Probe  
  66  7:30  Assimilator  
  66  7:33  Probe x2  
  68  7:40  Probe  
  68  7:41  Pylon  
  69  7:44  Pylon, Dark Templar x2  
  73  8:05  Dark Templar x2  
  57  9:19  Zealot  
  57  9:20  Zealot x3  
  57  9:21  Zealot  
  53  9:33  Zealot  
  55  9:41  Zealot  
  55  9:42  Zealot  
  56  9:52  Dark Templar x2  
  46  9:57  Dark Templar  
  47  10:07  Forge  
  38  10:37  Nexus  
  27  11:18  Gateway  
  27  11:20  Gateway  
  27  11:21  Probe  
  26  11:33  Probe  
  17  11:56  Probe  
  18  12:08  Probe  
  15  12:20  Probe  
  16  12:32  Probe  
  17  12:38  Gateway  
  17  12:39  Gateway  
  17  12:44  Probe  
  17  12:45  Pylon  
  18  12:51  Cybernetics Core  
  18  12:54  Zealot x2  
  18  12:56  Probe  
  23  13:01  Probe  
  23  13:08  Probe  
Show
View Real Time Build Order
Export as new Build Order

A.I. 1 (Elite) Zerg - Winner!

Build Orders: Hatch First 

Get SALT Encoding   

  12  0:00  Drone  
  13  0:12  Overlord  
  13  0:16  Drone  
  14  0:30  Drone x2  
  14  0:34  Drone  
  17  0:53  Hatchery  
  17  0:56  Drone  
  17  1:13  Spawning Pool  
  17  1:14  Extractor  
  17  1:16  Drone  
  16  1:20  Drone  
  16  1:25  Drone  
  18  1:28  Drone  
  19  1:38  Overlord  
  19  1:49  Drone  
  20  2:00  Zergling x2, Queen  
  23  2:05  Drone  
  24  2:16  Queen  
  24  2:20  Drone  
  27  2:31  Roach Warren  
  27  2:34  Drone  
  27  2:37  Drone  
  27  2:40  Zergling x2  
  27  2:44  Zergling x2  
  30  2:50  Overlord  
  30  2:52  Drone  
  30  2:56  Drone  
  30  2:58  Drone  
  33  3:02  Drone  
  34  3:12  Roach  
  38  3:13  Roach x2  
  38  3:16  Roach  
  42  3:20  Overlord  
  42  3:23  Drone  
  42  3:25  Drone  
  44  3:29  Overlord  
  44  3:34  Overlord  
  44  3:39  Roach  
  44  3:40  Roach  
  48  3:44  Roach  
  48  3:47  Roach  
  52  3:52  Roach  
  52  3:54  Roach  
  56  3:56  Roach  
  56  3:59  Roach  
  56  4:01  Drone  
  61  4:03  Drone  
  61  4:05  Drone  
  61  4:07  Drone  
  64  4:10  Extractor  
  64  4:13  Drone  
  64  4:17  Overlord  
  64  4:20  Overlord  
  64  4:23  Drone  
  65  4:24  Drone  
  65  4:27  Drone  
  65  4:28  Drone  
  68  4:35  Roach x2  
  68  4:37  Roach  
  74  4:40  Roach  
  74  4:43  Overlord  
  76  4:46  Drone  
  76  4:49  Drone x2  
  76  4:50  Drone  
  80  4:54  Overlord  
  80  5:00  Lair  
  80  5:02  Roach  
  80  5:05  Roach  
  84  5:08  Roach  
  84  5:10  Roach  
  84  5:13  Overlord  
  88  5:15  Drone  
  88  5:17  Drone  
  88  5:18  Drone  
  88  5:20  Zergling x2  
  92  5:22  Zergling x2  
  93  5:30  Drone  
  93  5:33  Overlord  
  93  5:35  Drone  
  95  5:40  Extractor  
  95  5:41  Drone  
  95  5:45  Extractor  
  95  5:46  Drone  
  95  5:51  Evolution Chamber  
  95  5:52  Drone  
  95  5:55  Evolution Chamber  
  95  5:57  Hatchery  
  93  6:00  Drone  
  93  6:01  Drone  
  93  6:03  Hydralisk Den, Drone  
  95  6:05  Drone  
  95  6:06  Drone  
  95  6:08  Drone  
  95  6:10  Drone  
  99  6:11  Drone  
  99  6:15  Drone  
  99  6:17  Overseer  
  99  6:18  Zerg Missile Weapons Level 1, Overlord  
  101  6:22  Zerg Ground Armor Level 1  
  101  6:23  Ravager  
  102  6:27  Drone x2  
  102  6:30  Drone  
  102  6:32  Hydralisk  
  99  6:33  Drone  
  99  6:37  Hydralisk  
  100  6:40  Hydralisk  
  100  6:43  Hydralisk  
  100  6:46  Drone  
  105  6:48  Hydralisk  
  105  6:51  Hydralisk  
  109  6:56  Ravager, Overlord  
  109  7:00  Hydralisk  
  112  7:05  Hydralisk  
  113  7:09  Drone x4  
  113  7:10  Drone  
  113  7:11  Drone  
  113  7:12  Drone  
  120  7:16  Drone  
  120  7:19  Drone  
  120  7:20  Overlord  
  120  7:22  Drone  
  123  7:23  Drone  
  123  7:24  Drone  
  123  7:27  Drone  
  127  7:30  Drone  
  127  7:32  Drone  
  127  7:34  Glial Reconstitution  
  128  7:38  Drone x2, Infestation Pit  
  128  7:41  Overlord  
  128  7:43  Drone x2  
  131  7:45  Drone  
  131  7:48  Pneumatized Carapace  
  131  7:49  Drone  
  133  7:51  Drone  
  133  7:55  Drone, Spine Crawler  
  133  7:57  Burrow  
  134  7:58  Spine Crawler  
  134  7:59  Drone  
  134  8:00  Overlord  
  134  8:01  Hydralisk  
  136  8:05  Hydralisk  
  136  8:10  Hydralisk, Queen  
  142  8:16  Infestor, Extractor  
  142  8:17  Drone  
  142  8:18  Overlord  
  144  8:22  Extractor  
  144  8:23  Drone, Infestor  
  146  8:37  Spore Crawler  
  146  8:38  Drone  
  146  8:39  Drone x3, Spore Crawler  
  146  8:40  Drone  
  149  8:41  Spine Crawler  
  149  8:42  Drone  
  149  8:52  Drone  
  149  8:56  Drone  
  149  8:57  Drone  
  149  8:58  Drone x2, Hatchery  
  149  8:59  Drone x2  
  149  9:01  Drone, Spine Crawler  
  149  9:02  Hydralisk, Drone x3  
  135  9:12  Drone x2  
  135  9:13  Drone x3  
  135  9:15  Drone  
  133  9:17  Drone  
  133  9:18  Drone  
  133  9:20  Drone  
  133  9:22  Hydralisk  
  133  9:23  Drone  
  132  9:25  Drone  
  132  9:29  Drone  
  132  9:31  Drone  
  130  9:32  Drone  
  130  9:35  Drone  
  130  9:36  Drone  
  126  9:39  Drone  
  126  9:42  Drone  
  117  9:47  Drone  
  105  9:53  Drone  
  105  9:57  Drone  
  105  9:59  Drone  
  96  10:00  Drone  
  96  10:01  Drone x4  
  96  10:02  Drone x2, Roach  
  93  10:07  Drone  
  93  10:10  Drone x2  
  93  10:12  Drone  
  91  10:16  Drone  
  90  10:21  Drone  
  90  10:26  Drone x2  
  90  10:27  Drone  
  90  10:28  Drone  
  90  10:31  Drone  
  90  10:32  Drone  
  90  10:36  Drone x2  
  90  10:37  Drone x3  
  85  10:43  Drone  
  78  11:03  Drone  
  78  11:08  Drone  
  78  11:12  Roach  
  78  11:13  Drone  
  78  11:16  Drone  
  73  11:29  Drone x2  
  71  12:03  Drone  
  72  12:10  Hatchery  
  71  12:23  Hatchery  
  70  12:39  Spawning Pool  
  69  13:01  Drone  
  70  13:07  Drone  
Tags
 
Add a new tag
Caveats
  • Supply blocks, unpowered buildings, or Contaminate may cause inaccurate times.
  • Supply counts are checked every 10 seconds.